 Dungeon Crawl Stone Soup version 0.32-a0-931-g5a2cda0630 (webtiles) character file.

Game seed: 12448778365550953962

285 Meejax the Cudgeller (level 6, 0/47 HPs)
             Began as a Demonspawn Gladiator on Apr 13, 2024.
             Succumbed to a scorpion's poison
             ... on level 4 of the Dungeon.
             The game lasted 00:04:56 (2445 turns).

Meejax the Cudgeller (Demonspawn Gladiator)         Turns: 2445, Time: 00:04:56

Health: 0/47       AC:  4    Str: 14    XL:     6   Next: 7%
Magic:  6/6        EV: 12    Int:  8    God:
Gold:   88         SH:  0    Dex: 17    Spells: 5/5 levels left

rFire   . . .        i - +0 whip
rCold   . . .        (no shield)
rNeg    . . .        b - +0 leather armour
rPois   .            c - +0 helmet
rElec   .            (no cloak)
rCorr   .            (no gloves)
SInv    .            (no boots)
Will    .....        j - amulet of regeneration
Stlth   ++           (no ring)
HPRegen 1.07/turn    (no ring)
MPRegen 0.10/turn

%: no passive effects
@: lethally poisoned (0 -> -5), hasted, very quick
A: hooves 2
a: no special abilities


You were on level 4 of the Dungeon.
You visited 1 branch of the dungeon, and saw 4 of its levels.

You collected 88 gold pieces.

Inventory:

Hand Weapons
 a - a +0 flail
 i - a +0 whip (weapon)
Missiles
 d - 3 throwing nets (quivered)
 e - a javelin
Armour
 b - a +0 leather armour (worn)
 c - a +0 helmet (worn)
Jewellery
 j - an amulet of regeneration (around neck)
 l - a ring of see invisible
Scrolls
 g - a scroll of vulnerability {unknown}
 h - a scroll of revelation {unknown}
 m - a scroll of teleportation {unknown}
 n - 4 scrolls of fog {unknown}
 o - a scroll of identify {unknown}
 p - a scroll of enchant armour {unknown}
 q - a scroll of blinking {unknown}
 r - a scroll of torment {unknown}
 t - a scroll of poison {unknown}
 u - a scroll of amnesia {unknown}
Potions
 f - a potion of haste
 k - 2 potions of attraction


   Skills:
 + Level 3.2 Fighting
 + Level 4.3 Maces & Flails
 + Level 1.8 Throwing
 + Level 2.1 Armour
 + Level 3.8 Dodging
 + Level 0.8 Stealth


You had 5 spell levels left.
You didn't know any spells.
Your spell library contained the following spells:

 Spells                   Type           Power      Damage    Failure   Level
 Kiss of Death            Conj/Necr      0%         2d5       47%         1
 Shock                    Conj/Air       0%         1d3       47%         1
 Confusing Touch          Hex            0%         N/A       85%         3
 Dazzling Flash           Conj/Hex       0%         N/A       85%         3
 Swiftness                Air            0%         N/A       85%         3
 Airstrike                Air            0%         2d(0-16)  99%         4
 Dispel Undead            Necr           0%         3d6       99%         4
 Starburst                Conj/Fire      0%         6d3       100%        6
 Maxwell's Capacitive Co  Air            0%         ∞         100%        8


Dungeon Overview and Level Annotations

Branches:
Dungeon (4/15)
 Temple: D:4-7

Altars:


Innate Abilities, Weirdness & Mutations

You have hoof-like feet.


Message History

You feel sick. The scorpion stings you!
You are more poisoned.
The scorpion poisons you!
You hit the scorpion but do no damage. Your kick misses the scorpion.
The scorpion is moderately wounded.
You feel very sick. The scorpion stings you.
You hit the scorpion. You kick the scorpion.
The scorpion is heavily wounded.
You feel very sick. The scorpion closely misses you.
You barely miss the scorpion. Your kick misses the scorpion.
The scorpion is heavily wounded.
You feel sick. The scorpion stings you.
You are more poisoned.
The scorpion poisons you!
You barely miss the scorpion. You kick the scorpion.
The scorpion is almost dead.
You feel very sick. The scorpion stings you.
* * * LOW HITPOINT WARNING * * *
You are lethally poisoned!
The scorpion poisons you!
It was a potion of haste.
You feel yourself speed up.
* * * LOW HITPOINT WARNING * * *
You feel very sick. The scorpion barely misses you.
You hit the scorpion but do no damage. You kick the scorpion.
You kill the scorpion!
* * * LOW HITPOINT WARNING * * *
You feel very sick.
Your Armour skill increases to level 2!
You have reached level 6!
Okay, then.
Okay, then.
* * * LOW HITPOINT WARNING * * *
You feel very sick.
* * * LOW HITPOINT WARNING * * *
You feel sick.
You die...

........<#
#.........#
#.........#
#.........#
#.........#
##.......##
#........†# ##.
#.........# #....
#.......@.###...#
#.........#...#
##...........###
..........)..#
...>.......#...#
.#######..####..#
#..## #.# #...#
.# #.#.. .


There were no monsters in sight!

Vanquished Creatures
  A scorpion (D:4)
  An orc priest (D:3)
  Natasha (D:4)
  An orc wizard (D:3)
  4 adders
  8 dart slugs
  3 ribbon worms
  4 orcs (D:3)
  3 endoplasms
  2 giant cockroaches (D:3)
  6 goblins
  12 hobgoblins
  3 jackals (D:2)
  A quokka (D:1)
  4 ball pythons
  5 bats
  4 frilled lizards
  9 kobolds
  5 rats
77 creatures vanquished.

Vanquished Creatures (others)
  An orc wizard (D:3)
1 creature vanquished.

Grand Total: 78 creatures vanquished

Notes
Turn   | Place    | Note
-------+----------+-------------------------------------------
     0 | D:1      | Meejax the Demonspawn Gladiator began the quest for the
                  | Orb.
     0 | D:1      | Reached XP level 1. HP: 16/16 MP: 1/1
   127 | D:1      | Found a faded altar of an unknown god.
   156 | D:1      | Reached skill level 3 in Maces & Flails
   157 | D:1      | Gained mutation: You have large cloven feet. [demonic
                  | ancestry]
   157 | D:1      | Reached XP level 2. HP: 17/22 MP: 2/2
   947 | D:2      | Reached XP level 3. HP: 26/28 MP: 3/3
  1152 | D:2      | Gained mutation: You have hoof-like feet. [demonic
                  | ancestry]
  1152 | D:2      | Reached XP level 4. HP: 30/34 MP: 4/4
  1200 | D:2      | Reached skill level 1 in Armour
  1872 | D:3      | Reached XP level 5. HP: 21/39 MP: 5/5
  1953 | D:3      | Reached skill level 4 in Maces & Flails
  2405 | D:4      | Noticed Natasha
  2415 | D:4      | Killed Natasha
  2443 | D:4      | Reached XP level 6. HP: 4/47 MP: 6/6
  2443 | D:4      | HP: 2/47 [poisoned by a scorpion]
  2445 | D:4      | Succumbed to a scorpion's poison

Illustrated notes

Levels and vault maps discovered:
D:1:      lemuel_arrival_lava_pool, layout_basic,
          ebering_ecumenical_altar_petrified, hangedman_decor_riveting
D:2:      layout_basic, minmay_fractal_squares_5
D:3:      layout_basic, serial_curves, eino_curves_02, eino_curves_04
D:4:      layout_rooms, minmay_vboxes, uniq_natasha

Skill      XL: |  1  2  3  4  5 |
---------------+----------------+-----
Maces & Flails | 3 4 |  4.3
Dodging        | 3 |  3.8
Armour         | 1 2 |  2.1
Fighting       | 3 |  3.2
Throwing       | |  1.8
Stealth        | |  0.8

Action                     |  1- 3 |  4- 6 || total
---------------------------+-------+-------++-------
  Melee: Flail             |    22 |       ||    22
         Whip              |   104 |   143 ||   247
         Kick              |    24 |    49 ||    73
    Use: Potion            |       |     7 ||     7
   Stab: Sleeping          |     1 |     2 ||     3
 Armour: Leather armour    |    75 |    70 ||   145
         Skin              |       |     5 ||     5
  Dodge: Dodged            |   105 |    71 ||   176

Table legend: (Time is in decaauts)
 A = Elapsed time spent in this place.
 B = Non-inter-level travel time spent in this place.
 C = Inter-level travel time spent in this place.
 D = Time resting spent in this place.
 E = Time spent auto-exploring this place.
 F = Levels seen in this place.
 G = Mean time per level.
                   A        B        C        D        E       F      G
               +--------+--------+--------+--------+--------+-----+--------+
         Total |   2429 |   2383 |     46 |     26 |   1704 |   4 |  607.2 |
       Dungeon |   2429 |   2383 |     46 |     26 |   1704 |   4 |  607.2 |
               +--------+--------+--------+--------+--------+-----+--------+

Top non-repeatable levels by time:
     D:1: 933 daAuts
     D:3: 728 daAuts
     D:2: 716 daAuts
     D:4: 52 daAuts
